 Dungeon Crawl Stone Soup version 0.19-b1-5-gdc9fa9d (webtiles) character file.

29 Gargoyl the Skirmisher (level 3, 24/29 HPs)
             Began as a Demonspawn Abyssal Knight on Oct 31, 2016.
             Was a Follower of Lugonu.
             Quit the game on level 1 of the Dungeon.
             The game lasted 00:01:54 (798 turns).

Gargoyl the Skirmisher (Demonspawn Abyssal Knight)   Turns: 798, Time: 00:01:54

Health: 24/29      AC:  5    Str: 13    XL:     3   Next: 1%
Magic:  5/5        EV: 11    Int: 13    God:    Lugonu [*.....]
Gold:   50         SH:  0    Dex:  9    Spells: 0 memorised, 2 levels left

rFire  . . .     SeeInvis +     a - +3 hand axe
rCold  . . .     Gourm    .     b - +0 leather armour
rNeg   . . .     Faith    .     (no shield)
rPois  .         Spirit   +     (no helmet)
rElec  .         Reflect  .     (no cloak)
rCorr  .         Harm     .     (no gloves)
MR     .....                    (no boots)
Stlth  +.........               (no amulet)
                                g - -3 ring of dexterity (curse)
                                d - ring of see invisible

@: no status effects
A: slimy green scales 1, magic shield
a: Depart the Abyss, Renounce Religion


You were on level 1 of the Dungeon.
You worshipped Lugonu.
Lugonu was aware of your devotion.
You were not hungry.

You visited 1 branch of the dungeon, and saw 1 of its levels.
You visited the Abyss 1 time.

You collected 50 gold pieces.

Inventory:

Hand Weapons
 a - a +3 hand axe (weapon)
Armour
 b - a +0 leather armour (worn)
Jewellery
 d - a ring of see invisible (left hand)
 g - a cursed -3 ring of dexterity (right hand)
Scrolls
 e - a scroll of recharging
 f - a scroll of blinking
 k - a scroll of teleportation
Potions
 j - a potion of cure mutation {unknown}
 l - a potion of berserk rage {unknown}
Comestibles
 c - 3 bread rations
 h - a meat ration
 i - a fruit


   Skills:
 + Level 3.5 Fighting
 + Level 2.0 Axes
 * Level 2.1 Armour
 + Level 1.0 Dodging
 * Level 2.8 Invocations


You had 2 spell levels left.
You didn't know any spells.

Dungeon Overview and Level Annotations

Branches:
Dungeon (1/15)

Altars:


Innate Abilities, Weirdness & Mutations

You are partially covered in slimy green scales. (AC +2)
When hurt, damage is shared between your health and your magic reserves.


Message History

The hobgoblin barely misses you.
You barely miss the hobgoblin.
The hobgoblin is almost dead.
The hobgoblin completely misses you. The hobgoblin closely misses you.
You barely miss the hobgoblin.
The hobgoblin is almost dead.
The hobgoblin barely misses you.
You barely miss the hobgoblin.
The hobgoblin is almost dead.
The hobgoblin hits you.
You hit the hobgoblin.
You kill the hobgoblin!
Lugonu accepts your kill.
You have reached level 3!
Your experience leads to an increase in your attributes!
Your base attributes are Str 12, Int 13, Dex 12.
Increase (S)trength, (I)ntelligence, or (D)exterity?
You feel stronger.
Your demonic ancestry asserts itself...
You feel your magical essence form a protective shroud around your flesh.
Are you sure you want to abandon this character and quit the game? (Confirm with "yes".)

.## ##.................#....÷...
.######..............####........
.##.[................####.#......
.##.......................#...###
.........##...........#####......
#........######................##
#....##.....$.......#.#####......
#....##.............#.#######..##
#....# .........@.......... #..##
#....# .......†............#....
#....# ....................#...#
#....# #.........................
.....# #.........................
....####.........................
....##..........#...........###..
....##[.........#..........####..
....##..........#................


There were no monsters in sight!

Vanquished Creatures
  An ooze (D:1)
  A dart slug (D:1)
  A bat (D:1)
  2 giant cockroaches (D:1)
  2 hobgoblins (D:1)
  4 kobolds (D:1)
  A ball python (D:1)
  A frilled lizard (D:1)
  5 goblins (D:1)
  5 rats (D:1)
23 creatures vanquished.

Notes
Turn   | Place    | Note
-------+----------+-------------------------------------------
     0 | Abyss:1  | Gargoyl the Demonspawn Abyssal Knight began the quest for the Orb.
     0 | Abyss:1  | Reached XP level 1. HP: 18/18 MP: 2/2
    51 | Abyss:2  | Noticed a glowing orange brain
    52 | D:1      | Escaped the Abyss
   179 | D:1      | Reached * piety under Lugonu
   244 | D:1      | Gained mutation: You are partially covered in slimy green scales. (AC +2) [demonic ancestry]
   244 | D:1      | Reached XP level 2. HP: 24/24 MP: 3/3
   615 | D:1      | Reached skill level 1 in Dodging
   797 | D:1      | Gained mutation: When hurt, damage is shared between your health and your magic reserves. [demonic ancestry]
   797 | D:1      | Reached XP level 3. HP: 24/29 MP: 5/5
   798 | D:1      | Quit the game

Skill      XL: |  1  2 |
---------------+-------+-----
Axes           | 2 |  2.0
Armour         | 2 |  2.1
Dodging        | 1 |  1.0
Fighting       | |  3.5
Invocations    | |  2.8

Action                   || total
-------------------------++-------
Melee: Hand axe          ||    79
Invok: Depart the Abyss  ||     1
  Use: Scroll            ||     7
Armor: Leather armour    ||    36
Dodge: Dodged            ||    62
